 Dungeon Crawl Stone Soup version 0.25-a0-576-g50b708a4c4 (console) character file.

Game seed: 13344631291142373796, levelgen mode: classic

8173 Duffy the Cleaver (level 11, -26/103 HPs)
             Began as a Naga Gladiator on Mar 1, 2020.
             Was a High Priest of the Shining One.
             Killed from afar by a fire dragon (41 damage)
             ... with a blast of flame
             ... on level 9 of the Dungeon.
             The game lasted 00:14:27 (12987 turns).

Duffy the Cleaver (Naga Gladiator)                 Turns: 12987, Time: 00:14:27

Health: -26/103    AC: 13    Str: 17    XL:     11   Next: 26%
Magic:  14/14      EV: 10    Int: 11    God:    the Shining One [*****.]
Gold:   106        SH:  0    Dex: 13    Spells: 9/10 levels left

rFire    . . .     SeeInvis +   a - +2 battleaxe (freeze)
rCold    . . .     Gourm    .   (shield currently unavailable)
rNeg     + + +     Faith    .   x - +2 ring mail {MR+}
rPois    +         Spirit   .   c - +0 helmet
rElec    .         Reflect  .   b - +1 cloak
rCorr    +         Harm     .   (no gloves)
MR       ++...                  (no barding)
Stlth    +.........             (no amulet)
HPRegen  0.27/turn              J - ring of resist corrosion
MPRegen  0.14/turn              D - ring of positive energy

@: glowing, very slow
A: large, see invisible, deformed body, poison resistance, slowness 2, slow
metabolism 1, spit poison 1, AC +3
a: Spit Poison, Divine Shield, Cleansing Flame, Summon Divine Warrior, Renounce
Religion


You were on level 9 of the Dungeon.
You worshipped the Shining One.
The Shining One was extremely pleased with you.
You were very hungry.

You visited 2 branches of the dungeon, and saw 10 of its levels.
You also visited: Ossuary.

You collected 286 gold pieces.
You spent 180 gold pieces at shops.

Inventory:

Hand Weapons
 a - a +2 battleaxe of freezing (weapon)
 A - a +1 whip of venom
 M - a +0 war axe
 N - a +5 spear
Missiles
 d - 4 throwing nets (quivered)
 r - 3 silver javelins
 s - 8 curare-tipped darts
 y - 11 boomerangs
Armour
 b - a +1 cloak (worn)
 c - a +0 helmet (worn)
 g - a +2 kite shield
 l - a +0 ring mail of fire resistance
 x - a +2 ring mail of magic resistance (worn)
 I - a +0 plate armour
Jewellery
 p - an uncursed ring of flight
 u - an uncursed ring of poison resistance
 D - a ring of positive energy (right hand)
 J - a ring of resist corrosion (left hand)
Wands
 B - a wand of iceblast (14)
 F - a wand of clouds (2)
 H - a wand of acid (5)
Scrolls
 e - 5 scrolls of enchant armour
 h - 7 scrolls of teleportation
 i - 2 scrolls of blinking {unknown}
 k - 5 scrolls of remove curse
 o - a scroll of magic mapping {unknown}
 q - a scroll of noise {unknown}
 t - a scroll of immolation
 v - 3 scrolls of fear {unknown}
 w - 2 scrolls of enchant weapon {unknown}
 L - a scroll of fog {unknown}
Potions
 j - 4 potions of might
 m - a potion of flight
 n - a potion of mutation {unknown}
 z - 2 potions of lignification
 C - 8 potions of curing
 E - a potion of berserk rage
 G - a potion of stabbing {unknown}
Comestibles
 f - 17 rations


   Skills:
 - Level 8.1 Fighting
 + Level 10.7 Axes
 - Level 1.7 Throwing
 - Level 7.1 Armour
 - Level 3.1 Dodging
 - Level 5.0 Invocations
 + Level 4.6 Evocations


You had 9 spell levels left.
You knew the following spells:

 Your Spells              Type           Power        Failure   Level  Hunger
h - Apportation           Tloc           #.....       52%         1    ##.....

Your spell library contained the following spells:

 Spells                   Type           Power        Failure   Level  Hunger
 Animate Skeleton         Necr           N/A          52%         1    ##.....
 Corona                   Hex            #......      52%         1    ##.....
 Summon Small Mammal      Summ           #...         52%         1    ##.....


Dungeon Overview and Level Annotations

Branches:
Dungeon (9/15)             Temple (1/1) D:6         Ossuary (visited)
   Lair: D:8-11         Orc: D:9-12

Altars:
Ashenzari
Cheibriados
Dithmenos
Elyvilon
Fedhas
Gozag
Hepliaklqana
Kikubaaqudgha
Makhleb
Nemelex Xobeh
Okawaru
Qazlal
Ru
Sif Muna
Trog
Uskayaw
Vehumet
Wu Jian
Xom
Yredelemnul
Zin
The Shining One

Shops:
D:6 (

Annotations:
D:8 1 runed translucent door, Beaer's ghost, novice OpAs


Innate Abilities, Weirdness & Mutations

You cannot wear boots.
Your serpentine skin is tough. (AC +3)
You have supernaturally acute eyesight. (SInv)
Armour fits poorly on your strangely shaped body.
Your system is resistant to poisons. (rPois)
You cover ground very slowly.
You have a slow metabolism.
You can spit poison.


Message History

The fire dragon tramples you but does no damage.
The fire dragon completely misses you. The fire dragon barely misses you.
The fire dragon tramples you but does no damage.
You hit the fire dragon. You freeze the fire dragon.
The fire dragon is almost dead.
The fire dragon bites you! The fire dragon claws you.
The fire dragon tramples you but does no damage.
You hit the fire dragon but do no damage.
The fire dragon is almost dead.
The fire dragon closely misses you. The fire dragon claws you.
The fire dragon closely misses you.
You hit the fire dragon but do no damage.
The fire dragon is almost dead.
The fire dragon bites you! The fire dragon barely misses you.
The fire dragon tramples you but does no damage.
Your ring mail prevents you from hitting the fire dragon.
The fire dragon is almost dead.
The fire dragon breathes flames at you. The blast of flame hits you!!!
You die...

#.....## #.##.....##.# #......#
#.#.......#.# #.##...##
#####.#.......#.#
..##.<..#####........._.....# ###
..##..............#.......#.###.#
##.#.....######...#.......#.#..#.#
####....## ##..##.....##..##### #
#....# #..####.####..# # #...##
#)@..........## ## #...#
#.D####..###.# .# ##.## #..#
##.....# .## ### #..# #####.# ..#
#..## #.# ..# ##...# #.# ..#
##....### #.# ..# ####.......# .#
..# ##......#....#


You could see a fire dragon.

Vanquished Creatures
  An orc knight (D:7)
  Joseph (D:9)
  A hornet (D:8)
  A hippogriff (D:9)
  Eustachio (D:4)
  14 yaks
  A steam dragon (D:7)
  Menkaure (D:7)
  2 orc warriors
  2 ice beasts
  4 black bears
  A necrophage (D:9)
  5 ogres
  6 phantoms
  2 big kobolds
  A gnoll sergeant (D:8)
  3 bullfrogs
  2 elf zombies (Ossuary)
  4 scorpions
  4 wights (D:9)
  2 crimson imps
  A quasit (D:8)
  5 bullfrog skeletons
  2 centaur zombies
  A centaur skeleton (D:7)
  9 orc priests
  7 hounds
  Crazy Yiuf (D:6)
  A gnoll shaman (D:7)
  A human zombie (Ossuary)
  7 orc wizards
  6 iguanas
  Jessica (D:4)
  Ijyb (D:4)
  7 worker ants
  3 big kobold zombies (Ossuary)
  3 hound zombies (Ossuary)
  3 mummies (Ossuary)
  A hound skeleton (D:4)
  A howler monkey zombie (D:8)
  2 worker ant zombies
  5 gnolls (D:8)
  11 adders
  A shadow imp (D:6)
  2 oozes
  An adder skeleton (D:9)
  5 adder zombies
  3 worms
  3 dart slugs
  10 leopard geckos
  41 orcs
  4 giant cockroaches
  11 goblins
  10 hobgoblins
  5 quokkas
  A ball python (D:4)
  12 bats
  4 frilled lizards
  4 goblin zombies (Ossuary)
  2 hobgoblin zombies (Ossuary)
  A jackal skeleton (D:5)
  3 jackal zombies
  19 kobolds
  4 kobold zombies (Ossuary)
  A leopard gecko skeleton (D:5)
  4 quokka zombies (Ossuary)
  6 rats
  7 rat zombies (Ossuary)
  A fungus (D:6)
303 creatures vanquished.

Notes
Turn   | Place    | Note
-------+----------+-------------------------------------------
     0 | D:1      | Duffy the Naga Gladiator began the quest for the Orb.
     0 | D:1      | Reached XP level 1. HP: 19/19 MP: 1/1
   147 | D:1      | Reached XP level 2. HP: 17/26 MP: 2/2
   449 | D:1      | Reached skill level 4 in Axes
   751 | D:1      | Reached XP level 3. HP: 32/32 MP: 3/3
  1065 | D:1      | You fall into a shaft and drop 1 floor!
  1615 | D:2      | Found a glowing golden altar of the Shining One.
  1631 | D:2      | Became a worshipper of the Shining One
  1641 | D:2      | Reached XP level 4. HP: 34/39 MP: 4/4
  1726 | D:2      | Reached skill level 5 in Axes
  2368 | D:3      | Found an opulent altar of Gozag.
  2650 | D:3      | Reached XP level 5. HP: 35/45 MP: 5/5
  2752 | D:3      | Found a burning altar of Makhleb.
  3095 | D:3      | Reached skill level 6 in Axes
  4077 | D:4      | Reached XP level 6. HP: 50/52 MP: 6/6
  4366 | D:4      | Reached skill level 7 in Axes
  4690 | D:4      | Noticed Jessica
  4692 | D:4      | Killed Jessica
  4701 | D:4      | Found a shimmering blue altar of Sif Muna.
  4845 | D:4      | Found an ancient bone altar of Kikubaaqudgha.
  4860 | D:4      | Reached XP level 7. HP: 36/60 MP: 7/7
  5325 | D:5      | Entered Level 5 of the Dungeon
  5389 | D:5      | Reached skill level 8 in Axes
  5430 | D:5      | Reached * piety under the Shining One
  5432 | D:5      | Noticed Eustachio
  5432 | D:5      | Noticed Ijyb
  5515 | D:4      | Killed Ijyb
  5570 | D:4      | Killed Eustachio
  5602 | D:5      | Found Zin's Purification Station.
  5631 | D:5      | Found a glowing silver altar of Zin.
  5862 | D:5      | Found a glowing golden altar of the Shining One.
  5992 | D:5      | Reached XP level 8. HP: 48/68 MP: 9/9
  6206 | D:5      | Reached skill level 9 in Axes
  6365 | D:5      | Bought 2 potions of curing for 180 gold pieces
  6379 | D:6      | Found a bloodstained altar of Trog.
  6406 | D:6      | Found a sand-covered staircase.
  6411 | Ossuary  | Entered an ossuary
  6439 | Ossuary  | Reached ** piety under the Shining One
  6525 | Ossuary  | Reached *** piety under the Shining One
  6668 | Ossuary  | Reached skill level 5 in Fighting
  6756 | Ossuary  | Reached **** piety under the Shining One
  6962 | D:6      | Reached skill level 1 in Invocations
  6962 | D:6      | Reached XP level 9. HP: 62/81 MP: 10/10
  7115 | D:6      | Found Neuff's Weapon Shop.
  7142 | D:6      | Reached skill level 10 in Axes
  7210 | D:6      | Found a staircase to the Ecumenical Temple.
  7228 | Temple   | Entered the Ecumenical Temple
  7747 | D:6      | Found a sacrificial altar of Ru.
  7886 | D:6      | Found a runed translucent door.
  7887 | D:6      | Noticed Crazy Yiuf
  7894 | D:6      | Killed Crazy Yiuf
  8228 | D:7      | Noticed an orc knight
  8236 | D:7      | Killed an orc knight
  8236 | D:7      | Reached skill level 5 in Invocations
  8986 | D:7      | Reached skill level 1 in Armour
  8986 | D:7      | Reached XP level 10. HP: 96/96 MP: 13/13
  9236 | D:7      | Noticed Menkaure
  9242 | D:7      | Killed Menkaure
  9244 | D:7      | Found a blossoming altar of Fedhas.
  9561 | D:8      | Found a hide-covered altar of Uskayaw.
  9700 | D:8      | Found a runed translucent door.
  9700 | D:8      | Noticed Beaer's ghost (novice OpAs)
  9700 | D:8      | Reached ***** piety under the Shining One
  9847 | D:8      | Found a stormy altar of Qazlal.
 10110 | D:8      | Reached skill level 5 in Armour
 10152 | D:8      | Paralysed by a hornet for 3 turns
 11026 | D:8      | Found a radiant altar of Vehumet.
 11714 | D:9      | Noticed Joseph
 11737 | D:9      | Killed Joseph
 11995 | D:9      | Learned a level 1 spell: Apportation
 12077 | D:9      | Reached XP level 11. HP: 86/103 MP: 14/14
 12279 | D:9      | Found a shattered altar of Ashenzari.
 12836 | D:9      | Noticed a fire dragon
 12987 | D:9      | Killed from afar by a fire dragon

Levels and vault maps discovered:
D:1:      minmay_arrival_doors, layout_loops_ring,
          corexii_item_surrounded_by_moat
D:2:      minmay_inner_zag, layout_basic, overflow_temple_1_default,
          grunt_decor_mini_mirrors, minmay_misc_feat_columns
D:3:      layout_basic, overflow_temple_1_default, makhleb_heckhound_becter
D:4:      layout_basic, nicolae_overflow_crystal_walls, tgw_sif,
          serial_park_tiny_2
D:5:      layout_basic, zin_purify, basic_altar, first_ration, uniq_ijyb,
          uniq_eustachio
D:6:      layout_basic, trog_ov_bears_minmay, nicolae_ru_the_path_less_chosen,
          temple_doors_e, nicolae_ossuary_entry_false_entrances, serial_shops,
          shop, hangedman_decor_slide_cut, uniq_crazy_yiuf_cottage
D:7:      layout_basic, fedhas_ov_isle_minmay, grunt_ogre_cave,
          hangedman_minor_gate_pass, uniq_menkaure
D:8:      layout_loops_ring, marbit_many_paths, eat_drink_and_be_merry_uskayaw,
          kennysheep_mini_moat, serial_co_window_serial, co_window_corner_a,
          co_window_cross_1, co_window_corner_a, co_window_corner_a,
          co_window_paths_a, co_window_cross_3, co_window_unsneaky_path_a,
          co_window_unsneaky_path_e, glass_columns_b, glass_columns_a,
          glass_columns_c, ebering_ghost_inner_flame
D:9:      layout_layer_cave, old_standard_altar, grunt_tough_drop, uniq_joseph
Temple:   eino_temple_lava

Skill      XL: |  1  2  3  4  5  6  7  8  9 10 11 |
---------------+----------------------------------+-----
Axes           | 4 5 6 7 8 9 10 | 10.7
Evocations     | 2 4 |  4.6
Fighting       | 5 8 |  8.1
Invocations    | 1 5 |  5.0
Dodging        | 3 |  3.1
Armour         | 1 7 |  7.1
Throwing       | |  1.7

Action                   |  1- 3 |  4- 6 |  7- 9 | 10-12 || total
-------------------------+-------+-------+-------+-------++-------
Melee: War axe           |   101 |   203 |   421 |   220 ||   945
       Battleaxe         |       |       |       |   105 ||   105
Throw: Throwing net      |       |     1 |       |       ||     1
Invok: Divine Shield     |       |       |       |     1 ||     1
 Abil: Spit Poison       |     5 |    16 |     8 |     6 ||    35
       Evoke Flight      |       |       |     1 |       ||     1
Evoke: Wand              |       |       |     1 |     4 ||     5
  Use: Scroll            |       |     6 |     3 |     2 ||    11
  Eat: Chunk             |     1 |    10 |    12 |    10 ||    33
Armor: Leather armour    |    26 |       |       |       ||    26
       Chain mail        |    12 |    98 |       |       ||   110
       Ring mail         |       |    37 |   157 |   128 ||   322
Dodge: Dodged            |    55 |    91 |    89 |    83 ||   318
Block: Kite shield       |       |    11 |   174 |   105 ||   290
       Other             |       |       |       |    10 ||    10

Table legend:
 A = Non-vault XP
 B = Vault XP
 C = Vault XP percentage of total XP
 D = Non-vault monster count
 E = Vault monster count
 F = Vault count percentage of total count
                 A         B        C        D         E       F
            +---------+---------+-------+---------+---------+-------
      Total |    8570 |    3106 |  26.6 |     239 |      63 |  20.9
            +---------+---------+-------+---------+---------+-------
        D:1 |      43 |       0 |   0.0 |      25 |       0 |   0.0
        D:2 |      76 |      16 |  17.4 |      22 |       5 |  18.5
        D:3 |     137 |      42 |  23.5 |      29 |       1 |   3.3
        D:4 |     303 |     272 |  47.3 |      20 |       3 |  13.0
        D:5 |     596 |     128 |  17.7 |      28 |       1 |   3.4
        D:6 |     696 |     172 |  19.8 |      15 |       2 |  11.8
        D:7 |     730 |    1211 |  62.4 |      19 |       8 |  29.6
        D:8 |    2449 |     130 |   5.0 |      32 |       1 |   3.0
        D:9 |    3540 |     635 |  15.2 |      49 |       4 |   7.5
    Ossuary |       0 |     500 | 100.0 |       0 |      38 | 100.0
            +---------+---------+-------+---------+---------+-------
